 Dungeon Crawl Stone Soup version 0.28-a0-8-g6e044cfa68 (webtiles) character file.

Game seed: 17783934784055674875

7481 Blejac999 the Thaumaturge (level 11, -5/111 HPs)
             Began as a Djinni Conjurer on July 24, 2021.
             Was a Believer of Makhleb.
             Slain by a komodo dragon (7 damage)
             ... on level 8 of the Dungeon.
             The game lasted 00:32:48 (12417 turns).

Blejac999 the Thaumaturge (Djinni Conjurer)        Turns: 12417, Time: 00:32:49

Health: -5/111     AC: 29    Str:  8    XL:     11   Next: 38%
Gold:   591        EV:  2    Int: 23    God:    Makhleb [**....] SH:  0 Dex: 12

rFire   . . .      SeeInvis .   e - +4 dagger (venom)
rCold   . . .      Faith    .   (no shield)
rNeg    + + +      Spirit   .   (armour currently unavailable)
rPois   ∞          Reflect  .   (helmet currently unavailable)
rElec   .          Harm     .   (cloak currently unavailable)
rCorr   .          Rampage  .   (gloves currently unavailable)
Will    ++...      NoTele   +   (boots unavailable)
Stlth   +++.......              (no amulet)
HPRegen 0.28/turn               b - ring of wizardry
MPRegen 0.00/turn               l - +4 ring of protection

@: tree-form
A: stationary, stasis, torment immunity, boosted hp, sickness immunity, (fire
resistance 2), (cold vulnerability 1), float, innate caster, hp casting, extra
vitality 1, (horns 1), strong-willed 1, strong 1, (teleportitis 1)
a: Renounce Religion, Minor Destruction


You were on level 8 of the Dungeon.
You worshipped Makhleb.
Makhleb was pleased with you.
You were a tree.
You visited 1 branch of the dungeon, and saw 10 of its levels.
You also visited: Ossuary.

You collected 591 gold pieces.

Inventory:

Hand Weapons
 e - a +4 dagger of venom (weapon)
Missiles
 r - 4 boomerangs of dispersal
 w - a throwing net
Armour
 a - a +1 robe (melded)
 u - a +0 pair of gloves (melded)
 v - a +0 cloak (melded)
Jewellery
 b - a ring of wizardry (left branch)
 l - a +4 ring of protection (right branch)
 p - a +4 ring of evasion
Wands
 h - a wand of digging (4)
 n - a wand of iceblast (11)
 o - a wand of paralysis (7)
 s - a wand of mindburst (17)
Scrolls
 c - 8 scrolls of identify
 i - 2 scrolls of blinking
 k - a scroll of magic mapping
 t - 4 scrolls of enchant armour
Potions
 d - a potion of resistance
 f - 2 potions of ambrosia
 g - 5 potions of curing
 j - 2 potions of attraction
 q - a potion of invisibility
 x - 2 potions of heal wounds


   Skills:
 + Level 4.3 Fighting
 + Level 2.0 Short Blades
 + Level 7.1 Dodging
 + Level 5.7 Stealth
 + Level 10.9 Spellcasting


You had 4 spell levels left.
You knew the following spells:

 Your Spells              Type           Power      Damage    Failure   Level
a - Magic Dart            Conj           100%       1d8       1%          1
b - Searing Ray           Conj           100%       3d7       1%          2
c - Dazzling Flash        Conj/Hex       100%       N/A       1%          3
d - Fulminant Prism       Conj/Hex       29%        3d14      1%          4
e - Iskenderun's Mystic   Conj/Tloc      58%        2d12      1%          4
f - Corona                Hex            64%        N/A       1%          1
g - Call Imp              Summ           58%        N/A       1%          2
h - Teleport Other        Tloc           58%        N/A       1%          3
i - Stone Arrow           Conj/Erth      100%       3d13      1%          3
j - Cause Fear            Hex            29%        N/A       1%          4
Your spell library was empty.

Dungeon Overview and Level Annotations

Branches:
Dungeon (10/15)            Temple (0/1) D:7         Ossuary (visited)
   Lair: D:8-11         Orc: D:9-12

Altars:
Ashenzari
Kikubaaqudgha
Makhleb
Nemelex Xobeh
Wu Jian
Xom
Yredelemnul

Shops:
D:3 :   D:4 *

Annotations:
D:6 1 runed translucent door
D:10 Josephine, Maurice


Innate Abilities, Weirdness & Mutations

You are a tree.
Your roots penetrate the ground, keeping you stationary.
You cannot be teleported.
You are immune to unholy pain and torment.
Your maximum health is greatly increased.
Your equipment is partially melded.
You are immune to sickness and miasma.
You are immune to poison.
((Your flesh is very heat resistant. (rF++)))
((You are vulnerable to cold. (rC-)))
You float through the air rather than walking.
You learn spells naturally, not from books.
Your magical power is your life essence.
You have superior vitality. (+4 HP)
((You have a pair of small horns on your head.))
You are strong-willed. (Will+)
Your muscles are strong. (Str +2)
((You are occasionally teleported next to monsters.))


Message History

The komodo dragon is lightly wounded.
Unknown command.
The searing ray hits the komodo dragon.
The komodo dragon is moderately wounded.
The searing ray hits the komodo dragon.
The komodo dragon is moderately wounded.
You finish channeling your searing ray.
The komodo dragon closely misses you.
Casting: Searing Ray (safe; 1% risk of failure)
Confirm with . or Enter, or press ? or * to list all spells.
Aiming: Searing Ray (safe; 1% risk of failure)
Press: ? - help, Shift-Dir - straight line, f/p - komodo dragon
Aim: a komodo dragon (moderately wounded, 87% to hit)
The searing ray hits the komodo dragon.
The komodo dragon is heavily wounded. (Press . to maintain the ray.)
The komodo dragon bites you!!
The searing ray hits the komodo dragon!
The komodo dragon is severely wounded.
The komodo dragon barely misses you.
The searing ray hits the komodo dragon!
The komodo dragon is almost dead.
The komodo dragon bites you!!
* * * LOW HITPOINT WARNING * * *
Really quaff the potion of lignification?
You turn into a tree.
Your +0 cloak melds into your body.
Your +0 pair of gloves melds into your body.
Your +1 robe melds into your body.
Your roots penetrate the ground.
The komodo dragon bites you!!
* * * LOW HITPOINT WARNING * * *
Casting: Searing Ray (safe; 1% risk of failure)
Confirm with . or Enter, or press ? or * to list all spells.
Aiming: Searing Ray (safe; 1% risk of failure)
Press: ? - help, Shift-Dir - straight line, f/p - komodo dragon
Aim: a komodo dragon (almost dead, 87% to hit)
The searing ray hits the komodo dragon.
The komodo dragon is almost dead. (Press . to maintain the ray.)
* * * LOW HITPOINT WARNING * * *
The komodo dragon bites you!
You die...

. #..##. . #. ...#
.....# ....# ....
...#. .#...# ..# #
.#.. ..#.. ...
#.#...##...# ## #.#
......... #.. #.#
#.#l.##.####.####.#
#.♣.# #.......##...
###.# #.......##.##
#.# #.......##.#[
#.###[......##.#:
#..##..........#:
##.##......)##>#(
#.##..)..).##.#°
#.##.......##.#○
#.##..)....##.#○


You could see a komodo dragon.

Vanquished Creatures
  Harold (D:8)
  The ghost of MirrMurr the Thrower, a novice GnHu (D:6)
  Pikel (D:7)
  A troll (D:10)
  A shadow (D:9)
  2 wraiths (D:10)
  2 steam dragons (D:9)
  The ghost of HAL9000 the Sneak, an amateur VSBr (D:3)
  Duvessa (D:7)
  A hornet zombie (D:8)
  3 orc warriors
  4 sky beasts
  4 black bears
  An ogre (D:5)
  A phantom (D:10)
  2 kobold brigands (D:7)
  A gnoll sergeant (D:6)
  3 elf zombies (Ossuary)
  2 scorpions
  4 bullfrogs
  Dowan (D:7)
  15 killer bees
  7 wights (D:8)
  A howler monkey (D:6)
  8 centaur zombies
  A hound (D:6)
  4 human zombies (Ossuary)
  5 orc priests
  Crazy Yiuf (D:7)
  3 centaur skeletons
  A bullfrog skeleton (D:3)
  2 iguanas
  8 orc wizards
  A killer bee zombie (D:9)
  An ogre zombie (D:10)
  A hound zombie (D:5)
  A howler monkey zombie (D:6)
  3 mummies (Ossuary)
  A hound skeleton (D:4)
  A howler monkey skeleton (D:5)
  6 adders
  7 gnolls
  A shadow imp (D:7)
  An adder zombie (D:5)
  4 worms
  A dart slug (D:2)
  34 orcs
  2 bats
  7 endoplasms
  2 giant cockroaches (D:1)
  11 goblins
  8 hobgoblins
  9 jackals
  4 quokkas
  4 ball pythons
  3 frilled lizards
  2 hobgoblin zombies (D:10)
  16 kobolds
  An orc skeleton (D:10)
  2 orc zombies (D:10)
  6 rats
234 creatures vanquished.

Vanquished Creatures (others)
  33 fulminant prisms
33 creatures vanquished.

Grand Total: 267 creatures vanquished

Notes
Turn   | Place    | Note
-------+----------+-------------------------------------------
     0 | D:1      | Blejac999 the Djinni Conjurer began the quest for the Orb.
     0 | D:1      | Reached XP level 1. HP: 15/15 MP: 0/0
   282 | D:1      | Reached XP level 2. HP: 11/21 MP: 0/0
   693 | D:1      | Identified a scroll of acquirement
   693 | D:1      | Acquired a ring of wizardry
   855 | D:1      | Reached XP level 3. HP: 20/25 MP: 0/0
   855 | D:1      | Learned a level 1 spell: Corona
  1492 | D:2      | Reached skill level 4 in Spellcasting
  1505 | D:2      | Found a shimmering altar of Xom.
  1731 | D:2      | Reached XP level 4. HP: 28/31 MP: 0/0
  2501 | D:3      | Found Inkauwy's Book Shoppe.
  2688 | D:3      | Reached XP level 5. HP: 7/35 MP: 0/0
  2688 | D:3      | Learned a level 2 spell: Call Imp
  3005 | D:3      | Gained mutation: You are partially covered in iridescent
                  | scales. (AC +2) [potion of mutation]
  3005 | D:3      | Gained mutation: You are resistant to electric shocks.
                  | (rElec) [potion of mutation]
  3005 | D:3      | Gained mutation: You are robust. (+10% HP) [potion of
                  | mutation]
  3146 | D:3      | Found a runed translucent gate.
  3146 | D:3      | Found a runed translucent gate.
  3146 | D:3      | Found a runed translucent gate.
  3147 | D:3      | Noticed HAL9000's ghost (amateur VSBr)
  3226 | D:3      | Found a sparkling altar of Nemelex Xobeh.
  3580 | D:3      | Killed HAL9000's ghost
  3581 | D:3      | Reached skill level 5 in Spellcasting
  3581 | D:3      | Reached XP level 6. HP: 29/45 MP: 0/0
  3882 | D:4      | Noticed a black bear
  4021 | D:4      | Killed a black bear
  4022 | D:4      | Reached skill level 1 in Fighting
  4022 | D:4      | Reached XP level 7. HP: 44/51 MP: 0/0
  4022 | D:4      | Learned a level 3 spell: Teleport Other
  4087 | D:4      | Found a sand-covered staircase.
  4092 | Ossuary  | Entered an ossuary
  4125 | Ossuary  | Reached skill level 1 in Short Blades
  4125 | Ossuary  | Reached skill level 6 in Spellcasting
  4289 | Ossuary  | Reached XP level 8. HP: 20/57 MP: 0/0
  5345 | D:4      | Found Irinog's Gadget Gallery.
  5517 | D:5      | Entered Level 5 of the Dungeon
  5890 | D:5      | Reached skill level 7 in Spellcasting
  6203 | D:5      | Reached XP level 9. HP: 58/64 MP: 0/0
  6203 | D:5      | Learned a level 3 spell: Stone Arrow
  7137 | D:6      | Found a runed translucent door.
  7142 | D:6      | Noticed MirrMurr's ghost (novice GnHu)
  7206 | D:7      | Noticed Pikel
  7212 | D:7      | Killed Pikel
  7698 | D:8      | Found a broken altar of Ashenzari.
  7713 | D:8      | Reached skill level 5 in Dodging
  7953 | D:8      | Reached skill level 8 in Spellcasting
  8159 | D:8      | Reached skill level 5 in Stealth
  8274 | D:8      | Reached XP level 10. HP: 63/73 MP: 0/0
  8276 | D:8      | Noticed a komodo dragon
  8287 | D:8      | Found a burning altar of Makhleb.
  8290 | D:8      | Noticed a green death
  8293 | D:8      | Noticed an orange demon
  8295 | D:8      | Became a worshipper of Makhleb the Destroyer
  8526 | D:6      | Found a runed translucent door.
  9252 | D:6      | Killed MirrMurr's ghost
  9253 | D:6      | Reached skill level 9 in Spellcasting
  9430 | D:7      | Found a staircase to the Ecumenical Temple.
  9486 | D:7      | Noticed Duvessa
  9490 | D:7      | Noticed Dowan
  9499 | D:7      | Killed Dowan
  9609 | D:7      | Killed Duvessa
  9760 | D:7      | Found a runed translucent door.
  9761 | D:7      | Noticed Crazy Yiuf
  9881 | D:7      | Killed Crazy Yiuf
 10220 | D:8      | Lost mutation: You are robust. (+10% HP) [potion of
                  | mutation]
 10220 | D:8      | Lost mutation: You are resistant to electric shocks.
                  | (rElec) [potion of mutation]
 10220 | D:8      | Gained mutation: You are occasionally teleported next to
                  | monsters. [potion of mutation]
 10221 | D:8      | Lost mutation: You are partially covered in iridescent
                  | scales. (AC +2) [potion of mutation]
 10221 | D:8      | Gained mutation: Your muscles are strong. (Str +2) [potion
                  | of mutation]
 10221 | D:8      | Gained mutation: You are strong-willed. (Will+) [potion of
                  | mutation]
 10221 | D:8      | Gained mutation: You have a pair of small horns on your
                  | head. [potion of mutation]
 10299 | D:8      | Noticed Harold
 10525 | D:9      | Reached * piety under Makhleb
 10973 | D:9      | Reached skill level 10 in Spellcasting
 11196 | D:9      | Reached XP level 11. HP: 58/73 MP: 0/0
 11196 | D:9      | Learned a level 4 spell: Cause Fear
 11448 | D:9      | Found an ornate altar of the Wu Jian Council.
 11646 | D:10     | Entered Level 10 of the Dungeon
 11646 | D:10     | Found a basalt altar of Yredelemnul.
 12004 | D:10     | Noticed Maurice
 12006 | D:10     | Noticed Josephine
 12109 | D:8      | Reached ** piety under Makhleb
 12176 | D:8      | Killed Harold
 12416 | D:8      | HP: 4/111 [komodo dragon (20)]
 12417 | D:8      | Slain by a komodo dragon

Illustrated notes

Levels and vault maps discovered:
D:1:      onia_arrival_mini_maze, layout_rooms
D:2:      layout_rooms, basic_altar, st_stairs_4, grunt_ministairs_7,
          hangedman_decor_points
D:3:      layout_loops_ring, nemelex_dance_club_becter, serial_shops, shop,
          gammafunk_ghost_necromancy
D:4:      layout_basic, amcnicky_altar_gilded,
          lightli_ossuary_entry_decrepit_ruins, eino_tiny_chamber,
          nicolae_shop_gadgets
D:5:      layout_basic, chequers_serial_rivers_small_b,
          chequers_serial_rivers_micro_e, nrook_loot_triangle,
          chequers_decorated_corner, item_on_display_a
D:6:      layout_basic, ebering_ghost_sewer_f
D:7:      layout_loops_ring, minmay_temple_entry_proselytizer, uniq_duvessa,
          uniq_pikel, uniq_crazy_yiuf_cottage
D:8:      lemuel_ice_spiral_2, layout_rooms, evilmike_ruin_ashenzari,
          makhleb_altar_promises_db, minivault_26, uniq_harold
D:9:      layout_big_octagon, mainiacjoe_overflow_alcove_4, glass_columns_a,
          hangedman_misty_isle
D:10:     layout_cave_pools, mainiacjoe_overflow_catwalk, fiery_altar_vehumet,
          zombieorc2_lemuel, uniq_erica, uniq_maurice, uniq_josephine

Skill      XL: |  1  2  3  4  5  6  7  8  9 10 11 |
---------------+----------------------------------+-----
Spellcasting   | 4 5 6 7 8 10 | 10.9
Stealth        | 2 3 4 5 |  5.7
Fighting       | 1 2 3 4 |  4.3
Short Blades   | 1 2 |  2.0
Dodging        | 3 4 5 6 7 |  7.1

Action                   |  1- 3 |  4- 6 |  7- 9 | 10-12 || total
-------------------------+-------+-------+-------+-------++-------
Melee: Dagger            |       |     5 |     4 |       ||     9
 Cast: Magic Dart        |    72 |    77 |   120 |   138 ||   407
       Searing Ray       |       |     9 |    39 |    56 ||   104
       Fulminant Prism   |       |     1 |    15 |    18 ||    34
       Teleport Other    |       |       |     1 |     1 ||     2
       Iskenderun's Myst |       |       |       |     1 ||     1
       Call Imp          |       |       |       |     2 ||     2
  Use: Potion            |     3 |     3 |     5 |     5 ||    16
       Scroll            |     3 |     4 |     4 |     1 ||    12
 Stab: Sleeping          |       |     1 |       |       ||     1
Armor: Robe              |     3 |     4 |    24 |    39 ||    70
Dodge: Dodged            |     5 |    18 |    48 |    67 ||   138

Table legend: (Time is in decaauts)
 A = Elapsed time spent in this place.
 B = Non-inter-level travel time spent in this place.
 C = Inter-level travel time spent in this place.
 D = Time resting spent in this place.
 E = Time spent auto-exploring this place.
 F = Levels seen in this place.
 G = Mean time per level.
                   A        B        C        D        E       F      G
               +--------+--------+--------+--------+--------+-----+--------+
         Total |  12413 |  12144 |    269 |   4528 |   5532 |  11 | 1128.5 |
       Dungeon |  11481 |  11212 |    269 |   3737 |   5527 |  10 | 1148.1 |
       Ossuary |    932 |    932 |      0 |    791 |      5 |   1 |  932.0 |
               +--------+--------+--------+--------+--------+-----+--------+

Top non-repeatable levels by time:
     D:7: 1535 daAuts
     D:5: 1525 daAuts
     D:3: 1418 daAuts
     D:9: 1381 daAuts
     D:1: 1297 daAuts
     D:6: 1273 daAuts
     D:2: 1078 daAuts
     D:8: 993 daAuts
 Ossuary: 932 daAuts
     D:4: 778 daAuts
    D:10: 199 daAuts
